 Dungeon Crawl Stone Soup version 0.18.1-48-g4cf74bf (console) character file.

252 Kloppie the Chopper (level 6, -2/53 HPs)
             Began as a Hill Orc Gladiator on July 2, 2016.
             Slain by Doomgape's ghost (6 damage)
             ... on level 4 of the Dungeon.
             The game lasted 00:03:40 (2290 turns).

Kloppie the Chopper (Hill Orc Gladiator)            Turns: 2290, Time: 00:03:40

Health: -2/53      AC:  8    Str: 18    XL:     6   Next: 14%
Magic:  6/6        EV: 10    Int:  8    God:
Gold:   57         SH:  0    Dex: 13    Spells: 0 memorised, 5 levels left

rFire  . . .     SeeInvis .     a - +0 war axe
rCold  . . .     Gourm    .     j - +0 scale mail
rNeg   . . .     Faith    .     (no shield)
rPois  .         Spirit   .     c - +0 helmet
rElec  .         Dismiss  .     (no cloak)
rCorr  .         Reflect  .     (no gloves)
SustAt .         Harm     .     (no boots)
MR     .....                    (no amulet)
Stlth  ..........               (no ring)
                                (no ring)

@: not resistant to hostile enchantments, extremely unstealthy
A: no striking features
a: no special abilities


You were on level 4 of the Dungeon.
You were hungry.

You visited 1 branch of the dungeon, and saw 4 of its levels.

You collected 139 gold pieces.
You spent 82 gold pieces at shops.

Inventory:

Hand Weapons
 a - a +0 war axe (weapon)
 g - a +1 hand axe of freezing
Missiles
 d - 3 throwing nets (quivered)
Armour
 c - a +0 helmet (worn)
 j - a +0 scale mail (worn)
Wands
 n - a wand of acid (5/15)
Scrolls
 e - a scroll of magic mapping {unknown}
 k - 2 scrolls of enchant armour
 p - 2 scrolls of identify {unknown}
 r - a scroll of remove curse {unknown}
 t - a scroll of noise {unknown}
Potions
 b - a potion of curing {unknown}
 i - a potion of might {unknown}
 m - a potion of cancellation {unknown}
 o - 2 potions of heal wounds {unknown}
 q - 2 potions of cure mutation
Comestibles
 f - a bread ration
 h - 2 meat rations
 l - a royal jelly
 s - 5 fruits
 u - a beef jerky
 v - 2 chunks of flesh


   Skills:
 + Level 4.3 Fighting
 + Level 6.1 Axes
 - Level 1.7 Throwing
 + Level 3.7 Armour
 - Level 2.4 Dodging


You had 5 spell levels left.
You didn't know any spells.

Dungeon Overview and Level Annotations

Branches:
Dungeon (4/15)
 Temple: D:4-7

Altars:

Shops:
D:4 *

Annotations:
D:3 tschems's ghost, amateur HuNe
D:4 Doomgape's ghost, weakling CeWn


Message History

You are too injured to fight recklessly!
You barely miss Doomgape's ghost.
Doomgape's ghost is heavily damaged.
Doomgape's ghost hits you!
* * * LOW HITPOINT WARNING * * *
The orc priest shouts, "Join the one true god or die!"
You hit Doomgape's ghost but do no damage.
Doomgape's ghost is heavily damaged.
Doomgape's ghost hits you!
* * * LOW HITPOINT WARNING * * *
You barely miss Doomgape's ghost.
Doomgape's ghost is heavily damaged.
Doomgape's ghost hits you.
* * * LOW HITPOINT WARNING * * *
Doomgape's ghost hits you.
* * * LOW HITPOINT WARNING * * *
Drink which item? (? for menu, Esc to quit)
It was a potion of cure mutation.
It has a very clean taste.
Doomgape's ghost hits you.
You die... # ..# #. ##..## .# #.... .##...# # .#... #( .os

#.. #W# .. #@#
#..#%###)#
#........#
#.#####..# #
#..# #.
###..##...
#.###...(.....!
#....#..##.#.#
#.#.........#


You could see a scorpion, Doomgape's ghost and an orc.

Vanquished Creatures
  A hound (D:4)
  An orc priest (D:3)
  A centaur skeleton (D:4)
  2 orc wizards (D:3)
  4 adders (D:3)
  2 worms (D:3)
  A dart slug (D:1)
  3 giant geckos
  5 orcs
  3 giant cockroaches
  7 hobgoblins
  4 jackals (D:3)
  A quokka (D:3)
  A ball python (D:1)
  8 bats
  4 giant newts
  8 goblins
  8 kobolds
  4 rats
68 creatures vanquished.

Notes
Turn   | Place    | Note
--------------------------------------------------------------
     0 | D:1      | Kloppie the Hill Orc Gladiator began the quest for the Orb.
     0 | D:1      | Reached XP level 1. HP: 18/18 MP: 1/1
    95 | D:1      | Reached skill level 1 in Armour
    95 | D:1      | Reached XP level 2. HP: 20/25 MP: 2/2
   664 | D:2      | Reached XP level 3. HP: 30/30 MP: 3/3
  1185 | D:3      | Reached skill level 5 in Axes
  1272 | D:3      | Reached XP level 4. HP: 38/38 MP: 4/4
  1361 | D:3      | Reached XP level 5. HP: 19/46 MP: 5/5
  2075 | D:3      | Noticed tschems's ghost (amateur HuNe)
  2221 | D:4      | Found Oqiryt's General Store.
  2239 | D:4      | Reached skill level 6 in Axes
  2244 | D:4      | Reached XP level 6. HP: 33/53 MP: 6/6
  2248 | D:4      | Bought a scroll of enchant armour for 82 gold pieces
  2278 | D:4      | Noticed Doomgape's ghost (weakling CeWn)
  2290 | D:4      | Slain by Doomgape's ghost

Skill      XL: |  1  2  3  4  5 |
---------------+----------------+-----
Armour         | 1 2 3 |  3.7
Fighting       | 3 4 |  4.3
Axes           | 5 6 |  6.1
Throwing       | |  1.7
Dodging        | |  2.4

Action                   |  1- 3 |  4- 6 || total
-------------------------+-------+-------++-------
Melee: War axe           |   117 |   100 ||   217
  Use: Potion            |       |     1 ||     1
  Eat: Chunk             |     1 |     3 ||     4
Armor: Leather armour    |     8 |       ||     8
       Scale mail        |    58 |    59 ||   117
Dodge: Dodged            |    66 |    57 ||   123
